omghax, neutral male scurrid Tourist }}}}}}}}}}}}} }}}}}}}}}}}}}}}}}}}}}}}}}}}}}} }}}}.}}}}}}}} }}}}}}}}}}}}}}}}.}}}}}} #.}}}}}}}}}}}} ..}}}}}}}}.}}}. }}}}}}}}}}}..}}} #.}}}}}}...# #..}}}}}<..}}}}}.....# #......}}}}.I#./}}.}}}.}}...}}}}}. ..... #.}}}}... .}}}}}}.# }}}}}}}}}}..# # }}}}}}}}}# }}}}}}}.. }}}..... }}}}}}}}}}}}} }}#.}}}}}}}}} # .).. .}}}}}}}}}.}}}}} }} }}}}}}}}}}}}} }}}}}}}}}}}....}}}} }# }}}.# }...}}}}} ..}}}}}}}}}}}.#...}} # #... # ...}}}}}}} }}}}}....}}}}}}} .}}.}} .... # .}}}}}`# }}}}}}}}}. #..}}}} }}}}}} --.- # }}}.... .}..}}}}}}} #.....}} }}}}}}}} }}.}}}}} #.}...}.. #.#.} }}}.}}}} }}}}`..# }..}}}.. `} }}}...}}} `.`# }}}}}..} }}}}.#..} ... }}}}}} }}}}} }.}} }}} }}}} }}}}}} }}} omghax the Rambler Experience level: 1 Strength: 12 Dexterity: 11 Constitution: 14 Intelligence: 13 Wisdom: 8 Charisma: 17 Health: 0(9) Energy: 2(2) Def: 0 Gold: 494 Moves: 56 Dungeon seed: T-eksX462Dqi3JzV Game ID: omghax_1498613501 Your Inventory: Coins $ - 494 gold pieces Weapons a - 47 uncursed +2 darts (in quiver) Armor e - an uncursed +0 Hawaiian shirt (being worn) Comestibles b - 2 uncursed apples c - an uncursed egg d - 4 uncursed food rations f - an uncursed tin of spinach g - 2 uncursed tripe rations h - an uncursed tin of jackal meat Scrolls j - 2 blessed scrolls of magic mapping k - 2 uncursed scrolls of magic mapping Potions i - 2 uncursed potions of extra healing Wands n - an uncursed wand of secret door detection (0:12) Tools l - an uncursed expensive camera (0:80) m - an uncursed credit card o - an uncursed leash Spells and supernatural/magical abilities: Name Level Category Fail Memory W - pray for help -- divine ? -- Your skills at the end: Miscellaneous Skills wands [Basic] Weapon Skills dart [Basic] Spellcasting Skills Final Attributes: You were devoutly aligned. You were blinded. You had infravision. You were very stealthy. You are dead. Voluntary challenges: You went without food. You did not adorn yourself with jewelry or accessories. You did not cause conflict. You were not invisible. You did not have reflection. You were not displaced. You were an atheist. You never hit with a wielded weapon. You were a pacifist. You did not use tools. You did not use plumbed fixtures. You did not drink any magical draughts. You were illiterate. You never genocided any monsters. You never polymorphed an object. You never changed form. You used no wishes. You never split a pudding. You never wrote Elbereth's name. You never violated your personal moral code. Dungeon overview: The Dungeons of Doom: levels 1 to 23 Level 1 a long staircase Level 2 a fountain Level 3 Level 4 Level 5 Level 6 a fountain Level 7 Level 8 Level 9 Level 10 Level 11 Level 12 Level 13 Level 14 Level 15 Level 16 Level 17 Level 18 Level 19 Level 20 Level 21 Level 22 Level 23 <- You were here many trees History has recorded: On T:1 you entered the Dungeons of Doom to retrieve the Amulet of Yendor! On T:4 you reached level 2 of The Dungeons of Doom. On T:7 you reached level 3 of The Dungeons of Doom. On T:9 you reached level 4 of The Dungeons of Doom. On T:11 you reached level 5 of The Dungeons of Doom. On T:13 you reached level 6 of The Dungeons of Doom. On T:16 you reached level 7 of The Dungeons of Doom. On T:18 you reached level 8 of The Dungeons of Doom. On T:20 you reached level 9 of The Dungeons of Doom. On T:22 you reached level 10 of The Dungeons of Doom. On T:26 you reached level 11 of The Dungeons of Doom. On T:28 you reached level 12 of The Dungeons of Doom. On T:31 you reached level 13 of The Dungeons of Doom. On T:33 you reached level 14 of The Dungeons of Doom. On T:35 you reached level 15 of The Dungeons of Doom. On T:37 you reached level 16 of The Dungeons of Doom. On T:40 you reached level 17 of The Dungeons of Doom. On T:42 you reached level 18 of The Dungeons of Doom. On T:42 you entered the Rogue tribute level. On T:44 you reached level 19 of The Dungeons of Doom. On T:48 you reached level 20 of The Dungeons of Doom. On T:50 you reached level 21 of The Dungeons of Doom. On T:52 you reached level 22 of The Dungeons of Doom. On T:55 you reached level 23 of The Dungeons of Doom. Score breakdown: Gold: 100 ( 10 points) Experience: 1 level ( 0 points) Exploration: 23 levels ( 660 points) Discoveries: 0 items ( 0 points) Variety of kills: 0 monsters ( 0 points) Major goal: (nothing yet) ( 0 points) Survival: died (score multiplied by 3) Total score: 2010 Latest messages: You continue digging downward. You dig a hole through the floor. You fall through... You start digging downward. You continue digging downward. You dig a pit in the floor. You continue digging downward. You dig a hole through the floor. You fall through... You start digging downward. Something touches you! You continue digging downward. You dig a pit in the floor. You continue digging downward. You dig a hole through the floor. You fall through... You start digging downward. The raven pecks! The raven blinds you! You continue digging downward. The water sloshes furiously for a moment, then subsides. Something pecks! You die... Final status: Aloha omghax the Tourist, killed by a raven... You died in The Dungeons of Doom on dungeon level 23 with 2010 points, and 494 pieces of gold, after 56 moves. You were level 1 with a maximum of 9 hit points when you died.